Cogmind - Beta 11.1 @@@ ROGUE MODE // 2022.08.22 @ 14:21:11 Player: deadnoob Result: Destroyed by G-34 Mercenary with Small Laser Performance ------------- Evolutions (0) 0 Regions Visited (1) 200 Robots Destroyed (6) 30 Value Destroyed (145) 145 Prototype IDs (0) 0 Alien Tech Used (0) 0 Bonus (0) 0 TOTAL SCORE: 375 Bonus ------- None Cogmind --------- Core Integrity 0/250 Matter 170/300 Energy 8/100 System Corruption 1% Temperature Warning (356) Movement Core (100) Ox1 Location -10/Materials Parts ------- > --- POWER (1) -------- (None) > --- PROPULSION (2) --- (None) > --- UTILITY (2) ------ (None) > --- WEAPON (2) ------- Particle Gun Particle Gun > --- INVENTORY (5) ---- Flight Unit Small Storage Unit Large Storage Unit Structural Scanner Peak State ------------ > --- POWER ------------ Light Ion Engine > --- PROPULSION ------- Aluminum Leg Compact Wheel > --- UTILITY ---------- Targeting Computer Hardened Light Armor Plating > --- WEAPON ----------- Particle Gun Particle Gun > --- INVENTORY -------- Flight Unit Small Storage Unit Large Storage Unit Structural Scanner Light Armor Plating [Rating: 10] Favorites ----------- Power Ion Engine Engine Ion Engine Propulsion Aluminum Leg Leg Aluminum Leg Wheel Compact Wheel Utility Targeting Computer Device Heat Sink Storage Small Storage Unit Processor Targeting Computer Protection Light Armor Plating Weapon Assault Rifle Energy Gun Particle Gun Ballistic Gun Assault Rifle Special Weapon Mining Laser Build | -11 -10 ------- Run | Scr Mat Slots Evolved . | . . Power . | . . Propulsion . | . . Utility . | . . Weapon . | . . Parts Attached 23 | 5 18 Power 2 | 1 1 Engine 2 | 1 1 Core . | . . Reactor . | . . Propulsion 5 | 2 3 Treads . | . . Leg 3 | 2 1 Wheel 2 | . 2 Hover . | . . Flight . | . . Utility 7 | . 7 Device 1 | . 1 Storage 2 | . 2 Processor 1 | . 1 Hackware . | . . Protection 3 | . 3 Artifact . | . . Weapon 9 | 2 7 Energy Gun 4 | . 4 Energy Cannon . | . . Ballistic Gun 4 | 2 2 Ballistic Cannon . | . . Launcher . | . . Special Weapon 1 | . 1 Impact Weapon . | . . Slashing Weapon . | . . Piercing Weapon . | . . Special Melee Weapon . | . . Unidentified Prototypes . | . . Parts Lost 12 | . 12 Power 2 | . 2 Propulsion 3 | . 3 Utility 4 | . 4 Weapon 3 | . 3 Highest Loss Streak 10 | . 10 To Critical Strikes . | . . Average Slot Usage (%) 84 | . 84 Engine 12 | . 12 Leg 18 | . 18 Wheel 3 | . 3 Storage 12 | . 12 Processor 9 | . 9 Protection 3 | . 3 Energy Gun 4 | . 4 Ballistic Gun 11 | . 11 Special Weapon 5 | . 5 Naked Turns . | . . Heaviest Build 29 | 8 29 Greatest Support 32 | 20 32 Greatest Overweight (x) 4 | . 4 Average Overweight (x) . | . . Largest Inventory Capacity 15 | 5 15 Average Capacity 9 | 5 10 Most Carried 8 | 5 8 Average Carried 5 | 2 6 Final Capacity 5 | 5 5 Final Carried 5 | 5 4 Class Distribution -------------------- 100% | Mutant Dominant Class ---------------- Mutant | -10/Materials Resources | -11 -10 ----------- Run | Scr Mat Matter Collected 269 | 207 62 Remotely . | . . Salvage Created 192 | . 192 Parts 12 | . 12 Haulers Intercepted . | . . Recyclers Shooed . | . . Parts Field Recycled . | . . Retrieved Matter . | . . Parts Self-Destructed . | . . Prevented . | . . Kills | -11 -10 ------- Run | Scr Mat Combat Hostiles Destroyed 6 | . 6 Melee 1 | . 1 Guns 5 | . 5 Classes Destroyed 2 | . 2 Swarmer 3 | . 3 Grunt 3 | . 3 Best Kill Streak 3 | . 3 Combat Bots Only 3 | . 3 Max Kills in Single Turn 1 | . 1 Gunslinging . | . . Exploded . | . . Melee 1 | . 1 Uniques/NPCs Destroyed . | . . Combat | -11 -10 -------- Run | Scr Mat Damage Taken 1079 | . 1079 Core 254 | . 254 Absorbed by Shields . | . . Core Remaining (%) 100 | 100 . Volleys Fired 22 | . 22 Largest 2 | . 2 Hottest 130 | . 130 Shots Fired 39 | . 39 Gun 38 | . 38 Cannon . | . . Launcher . | . . Special 1 | . 1 Kinetic 16 | . 16 Thermal 23 | . 23 Explosive . | . . Electromagnetic . | . . Robot Hit Streak 4 | . 4 Robot Miss Streak 3 | . 3 Penetration Max . | . . Secondary Targets 1 | . 1 Max Gunslinging Chain 1 | . 1 Shots Hit Robots 21 | . 21 Core Hits 8 | . 8 Critical Kills . | . . Critical Parts Destroyed . | . . Critical Strikes . | . . Melee Attacks . | . . Impact . | . . Slashing . | . . Piercing . | . . Sneak Attacks . | . . Combat Hostiles . | . . Follow-up Attacks . | . . Damage Inflicted 323 | . 323 Guns 310 | . 310 Cannons . | . . Explosions . | . . Melee . | . . Ramming 13 | . 13 Kinetic 88 | . 88 Thermal 222 | . 222 Explosive . | . . Electromagnetic . | . . Impact . | . . Slashing . | . . Piercing . | . . Highest Corruption 1 | . 1 Average Corruption 1 | . 1 Corruption Purged . | . . Corruption Blocked . | . . Overload Shots . | . . Overflow Damage . | . . Projectiles . | . . Explosions . | . . Melee . | . . Knockbacks . | . . Impact . | . . Kinetic . | . . Secondary . | . . Self-Inflicted Damage 5 | . 5 Shots . | . . Rammed 6 | . 6 Targets Rammed 6 | . 6 Kicked . | . . Crushed . | . . Highest Temperature 422 | . 422 Average Temperature 258 | . 258 Received Heat Transfer 615 | . 615 Effects 3 | . 3 Shutdowns 2 | . 2 Short Circuit 1 | . 1 Siege Activations . | . . Robots Corrupted . | . . Combat Hostiles . | . . Parts Fried . | . . Impact Corruptions . | . . Robots Melted . | . . Combat Hostiles . | . . Parts Melted . | . . Heat Transferred 555 | . 555 Parts Sabotaged . | . . Parts Stolen . | . . Parts Stripped . | . . Power Chain Reactions . | . . Missiles Intercepted . | . . Alert | -11 -10 ------- Run | Scr Mat Peak Influence 88 | . 88 Initial . | . . Average 54 | . 64 Maximum Alert Level . | . . Low Security (%) 100 | 100 100 Level 1 . | . . Level 2 . | . . Level 3 . | . . Level 4 . | . . Level 5 . | . . High Security . | . . Max Security . | . . Squads Dispatched 1 | . 1 Investigation . | . . Extermination . | . . Reinforcement 1 | . 1 Assault . | . . Garrison . | . . Intercept . | . . Searches Triggered . | . . Construction Impeded . | . . Haulers Reinforced . | . . Active Scanning Responses . | . . Cargo Convoy Interrupts . | . . Stealth | -11 -10 --------- Run | Scr Mat Distress Signals . | . . Communications Jammed . | . . Distress Signals . | . . Times Spotted 12 | . 12 Peak Tracking Total 4 | . 4 Tactical Retreats . | . . Traps | -11 -10 ------- Run | Scr Mat Traps Triggered 3 | . 3 Indirectly . | . . Trap Hack Attempts . | . . Triggered . | . . Disarmed . | . . Reprogrammed . | . . Reused . | . . Traps Extracted . | . . Installed . | . . Triggered . | . . Machines | -11 -10 ---------- Run | Scr Mat Machines Disabled . | . . Max in Single Turn . | . . Machines Sabotaged . | . . Garrisons Compromised . | . . Overloaded Fab Kills . | . . Hacking | -11 -10 --------- Run | Scr Mat Machines Accessed 1 | . 1 Terminals 1 | . 1 Fabricators . | . . Repair Stations . | . . Recycling Units . | . . Scanalyzers . | . . Garrison Access . | . . Total Hacks 4 | . 4 Successful 3 | . 3 Failed 1 | . 1 Catastrophic . | . . Database Lockouts . | . . Manual 2 | . 2 Terminals 4 | . 4 Fabricators . | . . Repair Stations . | . . Recycling Units . | . . Scanalyzers . | . . Garrison Access . | . . Terminal Hacks 2 | . 2 Terminal Index 1 | . 1 Alert Level 1 | . 1 Fabricator Hacks . | . . Repair Station Hacks . | . . Recycling Unit Hacks . | . . Scanalyzer . | . . Garrison Access Hacks . | . . Unauthorized Hacks 1 | . 1 Terminals 1 | . 1 Botnet 1 | . 1 Fabricators . | . . Repair Stations . | . . Recycling Units . | . . Scanalyzers . | . . Garrison Access . | . . Data Cores Recovered . | . . Used . | . . Hacking Detections 1 | . 1 Full Trace Events . | . . Feedback Events . | . . Feedback Blocked . | . . Robot Schematics Acquired . | . . Robots Built . | . . Authchips . | . . Time . | . . Total Robot Build Rating . | . . Part Schematics Acquired . | . . Parts Built . | . . Authchips . | . . Time . | . . Total Part Build Rating . | . . Parts Repaired . | . . Time . | . . Parts Recycled . | . . Recycled Matter . | . . Retrieved Matter . | . . Retrieved Components . | . . Parts Scanalyzed . | . . Part Schematics Acquired . | . . Parts Damaged . | . . Bothacking | -11 -10 ------------ Run | Scr Mat Used RIF Installer . | . . Robots Hacked . | . . Non-combat . | . . Combat . | . . Robot Hacks Applied . | . . Relay Couplers Released . | . . Fabnet Peak Effective % . | . . Robots Rewired . | . . Allies Hacked . | . . Hacks Repelled . | . . Allies | -11 -10 -------- Run | Scr Mat Total Allies . | . . Largest Group . | . . Highest-Rated Group . | . . Highest-Rated Ally . | . . Total Orders . | . . Ally Attacks . | . . Total Damage . | . . Kills . | . . Allies Corrupted . | . . Allies Melted . | . . Intel | -11 -10 ------- Run | Scr Mat Robot Analysis Total . | . . Derelict Logs Recovered . | . . Drone Launches . | . . Drone Recoveries . | . . Exploration | -11 -10 ------------- Run | Scr Mat Turns Passed 455 | 71 384 Spaces Moved 243 | 52 191 Core 11 | 4 7 Treads . | . . Legs 206 | 48 158 Wheels 26 | . 26 Hover . | . . Flight . | . . Fastest Speed 50 | 50 50 Average Speed 138 | 114 144 Slowest Speed 260 | 120 260 Overloaded Moves . | . . Propulsion Burnouts . | . . Robots Hopped . | . . Cave-ins Triggered . | . . Exploration Rate (%) 17 | 4 30 Regions Visited 1 Branch Regions . Pre-discovered Areas . | . . Known Exits Taken . | . . Unknown Exits Taken 1 | 1 . Scrap Searched . | . . Spaces Dug . | . . Terrain Destroyed 1 | . 1 Melee . | . . Projectile 1 | . 1 AOE . | . . Terrain Rammed . | . . Walls Destroyed . | . . Machines Disabled . | . . Actions | -11 -10 --------- Run | Scr Mat Total 310 | 61 249 Wait 3 | . 3 Move 242 | 51 191 Hop . | . . Pick Up 11 | 5 6 Fast Attach 12 | 5 7 Attach 7 | . 7 Detach 1 | . 1 Swap 4 | . 4 Drop 2 | . 2 Fire 22 | . 22 Melee . | . . Ram 6 | . 6 Kick . | . . Crush . | . . Escape Stasis . | . . Rewire . | . . Trap . | . . Miscellaneous . | . . Route ------- -11/Scrapyard -10/Materials (discovered 2 exits: [*Mat] / [*Min]) History --------- Turn | Location | Event 9 | -11/Scrapyard | Discovered new exit (range 16) 72 | -11/Scrapyard | Entered Materials 141 | -10/Materials | Discovered new exit (range 11) 189 | -10/Materials | Discovered new exit (range 15) 304 | -10/Materials | Build established: Mutant 431 | -10/Materials | Core integrity fell below 50% 440 | -10/Materials | Core integrity fell below 20% 456 | -10/Materials | Destroyed by G-34 Mercenary with Small Laser Last Messages --------------- 00431_ Particle Gun destroyed. 00432_ Hrd. Light Armor Plating destroyed. 00433_ Slammed into G-34 Mercenary. 00433_ G-34 Mercenary destroyed. 00434_ Acquired 50 matter. 00434_ Acquired Heat Sink. 00435_ Particle Gun destroyed. 00438_ Acquired Particle Gun. 00438_ Targeting Computer destroyed. 00438_ R-06 Scavenger collects Sml. Laser. 00440_ Acquired Particle Gun. 00441_ R-06 Scavenger collects Ion Engine. 00444_ Lgt. Armor Plating destroyed. 00446_ G-34 Mercenary destroyed. 00446_ Switching to secondary target: G-34 Mercenary. 00448_ R-06 Scavenger collects Ion Engine. 00450_ Heat Sink destroyed. 00451_ R-06 Scavenger collects Heat Sink. 00455_ G-47 Trooper destroyed. 00455_ R-06 Scavenger collects Particle Gun. Map ----- +----------------------------------------------------+ | | | ?????????????????????????????????? | | ?????????????????????????????????? | | ?????????????????????????????????? | | ?????????????????????????????????? | | ???????????????????????###???????? | | ??????????????????????? ???????? | | ?????????????????# ??? ???????? | | ?????????????????# ??" #???????? | | ?????????????????# ?"" #???????? | | ?????????????????+ ?"" "???????? | | ?????????????????# T??? ??? | | ????????????????## "?? ???? | | ??????????####### """ ## ????? | | ??????????? ^ """ # ?????? | | ????????????? ^ """ +??????? | | ??????????????? ^^ #??????? | | ?????????????????# #??????? | | ?????????????????# #??????? | | ?????????????????# #??????? | | ?????????????????# #??????? | | ?????????????????# gr! +??????? | | ?????????????????# #r %=###????? | | ?????????????????# # % #????? | | ?????????????????# #!! !!#????? | | ?????????????????# # ! @!!#????? | | ?????????????????# ########????? | | ?????????????????# #???????????? | | ??????????????#### #???????????? | | ?????????????##!! #???????????? | | ?????###?????#! #???????????? | | ???? #?????#! #???????????? | | ?? #?????# #???????????? | | ??"" #?????#! % #???????????? | | #?"" #?????##!! %#???????????? | | #?"" ????????#### #####???????? | | #? ????????????# #???????? | | ##+############### < #???????? | | ^^ #???????? | | #####???????? | | ^ #???????????? | | ###+####/######### #???????????? | | # # ?????# #???????????? | | # ! # ?????# #???????????? | | # !! # "????# #???????????? | | # !! # "???## ##??????????? | | #"" #? ??# #??????????? | | #"T #?""??# "" #??????????? | | #"" #?"""?+ T #??????????? | | # #?""??# #??????????? | +----------------------------------------------------+ Best States ------------- Heat Dissipation 35 Energy Generation 10 Energy Capacity 250 Matter Stores 257 Matter Capacity 300 Sight Range 16 Terrain Scan Density 10 Armor Coverage 150 Evasion (%) 55 Targeting Accuracy 5 Item Schematics ----------------- None Robot Schematics ------------------ None Fabricated ------------ Nothing Alien Tech Used ----------------- None Achievements -------------- None Challenges ------------ None Game ------ Seed CompactSmallStorm Manual? 0 Play Time 00:05:23 Cumulative 38.5 hours Start 2022.08.22 @ 14:16:44 End 2022.08.22 @ 14:21:11 Sessions 1 Manual Loads 0 Difficulty Rogue Special Mode None Game No. 69 Rogue 69 Adventurer 0 Explorer 0 Win Type - Total 0 Types 0/0/0/0/0/0/0/0/0 Lore% 40 Gallery% 41 Achievement% 36 Wizard Run 0 Options --------- ASCII 0 Keyboard 0 Movement Numpad Keybinds 0 Fullscreen 2 Font 18/SmallcapsGlow Map View 76x50 Tactical HUD 1 Map Filters NONE Filters NONE Steam 1 RUN: 0debb2b3-b099-4868-80fd-50e7ed07640f